 Dungeon Crawl Stone Soup version 0.30.2 (webtiles) character file.

Game seed: 15532665164036022759

63 porpoise the Trooper (level 3, -3/30 HPs)
             Began as a Demonspawn Brigand on Feb 3, 2024.
             Slain by an ogre
             ... wielding a +0 giant club
              (15 damage)
             ... on level 3 of the Dungeon.
             The game lasted 00:05:53 (2205 turns).

porpoise the Trooper (Demonspawn Brigand)           Turns: 2205, Time: 00:05:54

Health: -3/30      AC:  7    Str: 11    XL:     3   Next: 89%
Magic:  3/3        EV: 10    Int: 12    God:
Gold:   117        SH:  0    Dex: 16    Spells: 2/2 levels left

rFire   . . .        a - +2 dagger
rCold   . . .        (no shield)
rNeg    . . .        g - +0 ring mail
rPois   .            o - +0 helmet
rElec   .            c - +0 cloak
rCorr   .            (no gloves)
SInv    .            (no boots)
Will    .....        (no amulet)
Stlth   ++           (no ring)
HPRegen 0.25/turn    (no ring)
MPRegen 0.08/turn

%: no passive effects
@: no status effects
A: hooves 1, ignite blood 1
a: no special abilities


You were on level 3 of the Dungeon.
You visited 1 branch of the dungeon, and saw 3 of its levels.

You collected 117 gold pieces.

Inventory:

Hand Weapons
 a - a +2 dagger (weapon)
 b - a +0 sling
Missiles
 d - 5 poisoned darts (quivered)
 e - 3 curare-tipped darts
 q - 2 throwing nets
 t - 2 boomerangs
Armour
 c - a +0 cloak (worn)
 g - a +0 ring mail (worn)
 o - a +0 helmet (worn)
Magical Staves
 s - a staff of death
Jewellery
 i - a ring of protection from fire
Scrolls
 j - a scroll of noise {unknown}
 l - a scroll of acquirement {unknown}
 p - a scroll of torment {unknown}
Potions
 f - a potion of brilliance
 h - a potion of haste
 k - a potion of attraction
 m - a potion of cancellation
 n - a potion of flight
 r - a potion of magic {unknown}


   Skills:
 + Level 4.2 Fighting
 - Level 1.7 Short Blades
 - Level 1.7 Throwing
 - Level 0.8 Dodging
 - Level 3.6 Stealth


You had 2 spell levels left.
You didn't know any spells.
Your spell library contained the following spells:

 Spells                   Type           Power      Damage    Failure   Level
 Hailstorm                Conj/Ice       0%         3d3       94%         3
 Ice Form                 Ice/Tmut       0%         N/A       100%        4
 Simulacrum               Ice/Necr       0%         N/A       100%        6


Dungeon Overview and Level Annotations

Branches:
Dungeon (3/15)

Altars:


Innate Abilities, Weirdness & Mutations

You have large cloven feet.
Your demonic aura sometimes causes spilled blood to erupt in flames.


Message History

Your frilled lizard bites the goblin.
The goblin shoots a sling bullet.
The sling bullet closely misses you.
The sling bullet closely misses your frilled lizard.
Your frilled lizard bites the goblin.
You hit the goblin. Your kick misses the goblin.
The goblin is severely wounded.
Your frilled lizard barely misses the goblin.
The goblin hits you but does no damage.
You hit the goblin.
You kill the goblin!
The goblin shoots a sling bullet.
The sling bullet closely misses you.
The sling bullet hits your frilled lizard.
Your frilled lizard dies!
Your frilled lizard's corpse dissolves into shadows!
Your frilled lizard misses the goblin.
The goblin closely misses your frilled lizard.
You hit the goblin.
You kill the goblin!
Your frilled lizard bites the goblin.
The goblin dies!
Throw: 7 darts (poison)
Press: ? - help, Q - select action, (/) - cycle Shift-Dir - straight line, f - ogre
Aim: an ogre, wielding a +0 giant club (76% to hit)
You throw a poisoned dart. The poisoned dart hits the ogre.
The ogre is poisoned.
Your frilled lizard bites the ogre.
Throw: 6 darts (poison)
Press: ? - help, Q - select action, (/) - cycle Shift-Dir - straight line, f/p - ogre
Aim: an ogre, wielding a +0 giant club (lightly wounded, poisoned, ally target, 76% to hit)
You throw a poisoned dart. The poisoned dart hits the ogre.
The ogre is lightly wounded.
The ogre hits you with a +0 giant club!!
Ouch! That really hurt!
Your frilled lizard bites the ogre.
Unknown command.
As you read the scroll of summoning, it crumbles to dust.
Wisps of shadow whirl around you...
Your frilled lizard bites the ogre.
The ogre hits you with a +0 giant club!
Ouch! That really hurt!
You die...

#.# #.#
##.###..###.# #.#
#.# #...>..## #.#
###.#######.#
#.###### #.#
#...........##+#.#
#.#
#....#####..#....#
#######.#
#....#ggg#.g#....#
#.......#
#....#Ogg'ggl....#
#.#######
#....#g.g##O##'###
#.# #....###
#@##.# #.# #.....
#g##.# #.# #.....
#b##.# #.# #.##.#
#.# ### #.##.# #.#
#.# #.##.#####.#
#.# #..........#
#.# #.##.#######
#.###.##.#


You could see an ogre (poisoned, ally target), 3 goblins, a friendly goblin
(summoned), a friendly bat (summoned) and a friendly frilled lizard (summoned).

Vanquished Creatures
  An adder (D:2)
  5 orcs (D:3)
  3 bats
  3 endoplasms (D:1)
  5 giant cockroaches
  7 goblins
  3 hobgoblins
  7 jackals
  2 ball pythons (D:1)
  2 frilled lizards (D:2)
  A kobold (D:2)
  2 rats
41 creatures vanquished.

Vanquished Creatures (collateral kills)
  A goblin (D:3)
1 creature vanquished.

Grand Total: 42 creatures vanquished

Notes
Turn   | Place    | Note
-------+----------+-------------------------------------------
     0 | D:1      | porpoise the Demonspawn Brigand began the quest for the
                  | Orb.
     0 | D:1      | Reached XP level 1. HP: 16/16 MP: 1/1
   108 | D:1      | Found a faded altar of an unknown god.
   260 | D:1      | Discovered your monstrous ancestry.
   260 | D:1      | Gained mutation: You have large cloven feet. [demonic
                  | ancestry]
   260 | D:1      | Reached XP level 2. HP: 23/23 MP: 2/2
   477 | D:1      | Reached skill level 3 in Fighting
  1194 | D:2      | Gained mutation: Your demonic aura sometimes causes spilled
                  | blood to erupt in flames. [demonic ancestry]
  1194 | D:2      | Reached XP level 3. HP: 29/29 MP: 3/3
  1833 | D:3      | Reached skill level 4 in Fighting
  2190 | D:3      | Noticed an ogre
  2205 | D:3      | Slain by an ogre

Illustrated notes

Levels and vault maps discovered:
D:1:      lightli_molten_gateway, layout_loops_ring,
          ebering_ecumenical_altar_hall
D:2:      layout_loops_cross
D:3:      layout_basic, kennysheep_flooded_box, minmay_ogre_servants

Skill      XL: |  1  2  3 |
---------------+----------+-----
Fighting       | 3 4 |  4.2
Short Blades   | |  1.7
Throwing       | |  1.7
Dodging        | |  0.8
Stealth        | |  3.6

Action                     || total
---------------------------++-------
  Melee: Dagger            ||    76
         Kick              ||     9
   Fire: Sling             ||    41
  Throw: Dart              ||    19
    Use: Scroll            ||     7
   Stab: Sleeping          ||     1
 Armour: Robe              ||     4
         Ring mail         ||    29
  Dodge: Dodged            ||    49
